 Dungeon Crawl Stone Soup version 0.29.1-2-gbd0b4ee654 (webtiles) character file.

Game seed: 6971026019191116535

9 qeuew the Ducker (level 2, 0/23 HPs)
             Began as a Merfolk Gladiator on Nov 15, 2022.
             Slain by a jackal (2 damage)
             ... on level 1 of the Dungeon.
             The game lasted 00:00:37 (366 turns).

qeuew the Ducker (Merfolk Gladiator)                 Turns: 366, Time: 00:00:37

Health: 0/23       AC:  6    Str: 14    XL:     2   Next: 16%
Magic:  2/2        EV: 12    Int:  7    God:
Gold:   10         SH:  0    Dex: 15    Spells: 1/1 levels left

rFire   . . .      SeeInvis .   a - +0 trident
rCold   . . .      Faith    .   (no shield)
rNeg    . . .      Spirit   .   i - +0 ring mail
rPois   .          Reflect  .   c - +0 helmet
rElec   .          Harm     .   (no cloak)
rCorr   .          Rampage  .   (no gloves)
Will    .....                   (no boots)
Stlth   +.........              (no amulet)
HPRegen 0.07/turn               (no ring)
MPRegen 0.08/turn               (no ring)

@: no status effects
A: (nimble swimmer 2), mertail
a: no special abilities


You were on level 1 of the Dungeon.
You visited 1 branch of the dungeon, and saw 1 of its levels.

You collected 10 gold pieces.

Inventory:

Hand Weapons
 a - a +0 trident (weapon)
Missiles
 d - 3 throwing nets (quivered)
 e - a javelin
Armour
 c - a +0 helmet (worn)
 i - a +0 ring mail (worn)
Scrolls
 j - a scroll of identify {unknown}
Potions
 b - a potion of heal wounds {unknown}
 f - a potion of mutation {unknown}
 g - 2 potions of haste {unknown}
 h - a potion of curing {unknown}
 k - a potion of might {unknown}


   Skills:
 + Level 2.3 Fighting
 + Level 4.1 Polearms
 + Level 2.1 Throwing
 + Level 0.2 Armour
 + Level 4.2 Dodging


You had one spell level left.
You didn't know any spells.
Your spell library was empty.

Dungeon Overview and Level Annotations

Branches:
Dungeon (1/15)

Altars:


Innate Abilities, Weirdness & Mutations

((You are very nimble when in or above water. (Stealth+, EV+, Speed+++)))
Your lower body shifts to a powerful aquatic tail in water.


Message History

You are too injured to fight recklessly!
You are too injured to fight recklessly!
You are too injured to fight recklessly!
You hit the jackal.
The jackal is moderately wounded.
You hit the jackal but do no damage. The jackal barely misses you.
The jackal bites you but does no damage. x2
You closely miss the jackal. The jackal completely misses you.
The jackal barely misses you.
The jackal bites you but does no damage.
The jackal barely misses you.
You hit the jackal but do no damage.
The jackal is moderately wounded.
The jackal closely misses you.
The jackal bites you but does no damage.
The jackal closely misses you. The jackal barely misses you. x2
The jackal bites you but does no damage.
You barely miss the jackal.
The jackal is moderately wounded.
The jackal barely misses you. x3
You hit the jackal but do no damage.
The jackal is moderately wounded.
The jackal bites you. x2
* * * LOW HITPOINT WARNING * * *
The jackal misses you. The jackal barely misses you.
The jackal closely misses you.
The jackal bites you but does no damage.
You hit the jackal but do no damage.
The jackal is moderately wounded.
The jackal bites you.
* * * LOW HITPOINT WARNING * * *
The jackal bites you but does no damage.
The jackal closely misses you.
You barely miss the jackal.
The jackal is moderately wounded.
The jackal bites you.
* * * LOW HITPOINT WARNING * * *
The jackal bites you but does no damage. x2
The jackal bites you.
You die...

....#
##.#..†#.###.#
....#
##.8.8.8.8.##.#
#.###
#...........#.#
#+#
+..(..(.....'.#
#.##
#...........###
÷÷÷#
##.8.8.8.8.##
..÷#
##.#...#.##
.÷.# ##.....##
...# ##h@h##
÷÷.# ##h## .÷÷#
.........# .÷÷#
........## ####
........#
....?...#
........#
####..### #.#


You could see 3 jackals.

Vanquished Creatures
  A ball python (D:1)
  A bat (D:1)
  2 hobgoblins (D:1)
  A jackal (D:1)
  A kobold (D:1)
  A frilled lizard (D:1)
  A rat (D:1)
8 creatures vanquished.

Notes
Turn   | Place    | Note
-------+----------+-------------------------------------------
     0 | D:1      | qeuew the Merfolk Gladiator began the quest for the Orb.
     0 | D:1      | Reached XP level 1. HP: 16/16 MP: 1/1
   106 | D:1      | Found a faded altar of an unknown god.
   323 | D:1      | Reached XP level 2. HP: 23/23 MP: 2/2
   366 | D:1      | Slain by a jackal

Illustrated notes

Levels and vault maps discovered:
D:1:      heliophobic_arrival_battle_scene, layout_basic,
          hellmonk_ecumenical_altar_inner_sanctum, dk_noncrumbling_3,
          minmay_pentomino_u2

Action                   || total
-------------------------++-------
Melee: Trident           ||    42
Armor: Ring mail         ||    34
Dodge: Dodged            ||    52
